 Dungeon Crawl Stone Soup version 0.16.1-11-g651b585 (webtiles) character file.

845 Magnus the Charmwright (level 7, -8/41 HPs)
             Began as a Deep Elf Skald on Apr 5, 2015.
             Was a Follower of Sif Muna.
             Shot with an arrow by a centaur (10 damage)
             ... on level 5 of the Dungeon.
             The game lasted 00:28:20 (5135 turns).

Magnus the Charmwright (Deep Elf Skald)             Turns: 5135, Time: 00:28:21

Health: -8/41      AC:  9    Str: 11    XL:     7   Next: 68%
Magic:  18/23      EV: 12    Int: 17    God:    Sif Muna [*.....]
Gold:   154        SH:  0    Dex: 14    Spells: 4 memorised, 7 levels left

rFire  . . .     SeeInvis .     o - +0 short sword (freeze)
rCold  . . .     Clarity  .     t - +0 ring mail
rNeg   . . .     SustAb   .     (no shield)
rPois  .         Gourm    .     (no helmet)
rElec  .         Spirit   .     y - +2 cloak {MR+}
rCorr  .         Warding  .     z - +0 pair of gloves
rMut   .         Stasis   .     (no boots)
MR     +....                    (no amulet)
Stlth  +.........               (no ring)
                                (no ring)

@: about to teleport, very slightly contaminated, somewhat resistant to hostile
enchantments, very unstealthy
A: regeneration 1
a: Channel Energy, Renounce Religion


You were on level 5 of the Dungeon.
You worshipped Sif Muna.
Sif Muna was aware of your devotion.
You were very hungry.

You visited 1 branch of the dungeon, and saw 5 of its levels.

You collected 154 gold pieces.

Inventory:

Hand weapons
 o - a +0 short sword of freezing (weapon)
 p - a +1 dagger of chaos
Armour
 b - a +0 leather armour
 t - a +0 ring mail (worn)
 y - a +2 cloak of magic resistance (worn)
 z - a +0 pair of gloves (worn)
Jewellery
 e - an uncursed ring of wizardry {unknown}
 v - an uncursed ring of flight
Magical devices
 w - a wand of flame (27)
 x - a wand of invisibility (4)
Scrolls
 h - 3 scrolls of magic mapping
 m - a scroll of teleportation
 q - 4 scrolls of identify
 r - a scroll of fear {unknown}
 s - 3 scrolls of remove curse
Potions
 a - 2 potions of ambrosia
 f - 4 potions of heal wounds
 i - a potion of flight
 j - 4 potions of might
 l - a potion of agility {unknown}
Books
 c - a book of Battle

   Spells                             Type                      Level
   a - Infusion                       Charms                       1
   b - Shroud of Golubria             Charms/Translocation         2
   c - Song of Slaying                Charms                       2
   d - Spectral Weapon                Hexes/Charms                 3
   e - Regeneration                   Charms/Necromancy            3
Comestibles
 d - 4 bread rations
 g - 3 slices of pizza
 k - 2 meat rations
 n - 10 fruits
 u - 3 beef jerkies


   Skills:
 + Level 3.4 Fighting
 + Level 4.3 Short Blades
 - Level 0.7 Armour
 + Level 4.6 Dodging
 + Level 5.4 Spellcasting
 + Level 7.6 Charms


You had 7 spell levels left.
You knew the following spells:

 Your Spells              Type           Power        Failure   Level  Hunger
a - Infusion              Chrm           ####..       1%          1    None
b - Spectral Weapon       Hex/Chrm       ###.....     21%         3    ##.....
c - Regeneration          Chrm/Necr      ###.......   21%         3    ##.....
d - Song of Slaying       Chrm           ####....     1%          2    #......


Dungeon Overview and Level Annotations

Branches:
Dungeon (5/15)
 Temple: D:4-7

Altars:
Cheibriados
Makhleb
Nemelex Xobeh
Okawaru
Qazlal
Sif Muna
Trog
Vehumet
Xom
Zin


Innate Abilities, Weirdness & Mutations

Your natural rate of healing is unusually fast.


Message History

Your hands glow momentarily.
You are feeling very hungry.
You feel sick.
Casting: Spectral Weapon
Confirm with . or Enter, or press ? or * to list all spells.
You draw out your weapon's spirit!
You feel sick.
You are no longer poisoned.
The centaur shoots an arrow.
The arrow hits your spectral weapon.
Your spectral weapon shares its damage with you!
* * * LOW HITPOINT WARNING * * *
The centaur shoots an arrow.
The arrow hits your spectral weapon!
Your spectral weapon shares its damage with you!
Your spectral weapon fades away.
* * * LOW HITPOINT WARNING * * *
The centaur shoots an arrow.
The arrow closely misses you.
Read which item? (? for menu, Esc to quit)
As you read the scroll of teleportation, it crumbles to dust.
You feel strangely unstable.
The centaur shoots an arrow.
The arrow hits you!
You die...

................###...........
.........c..(...# ###.........
...........##.c## ##........
............##..# ###......
......c....###..# ##...##
........l..# #l.# ##..#
..........####(.# ##..##
........## #..## #.....
.......## #.@# ##..... ......#
#.(# ##...#.. ..... ##.(#
##...###. .#.. #...# ##...##
## #.....##...## ##...##
.........(#####...##
##..............##
##....#.......##
#....######...#


You could see a centaur and an iguana.

Vanquished Creatures
  2 ogres
  2 scorpions
  An orc priest (D:4)
  A crimson imp (D:4)
  A centaur zombie (D:5)
  Crazy Yiuf (D:3)
  A centaur skeleton (D:5)
  7 orc wizards
  2 worker ants
  Jessica (D:2)
  7 adders
  A giant mite (D:3)
  3 worms
  3 giant geckos
  An ooze (D:3)
  12 orcs
  4 giant cockroaches (D:1)
  7 goblins
  10 hobgoblins
  13 jackals
  2 quokkas
  A ball python (D:2)
  7 bats
  3 giant newts
  11 kobolds
  4 rats (D:1)
108 creatures vanquished.

Vanquished Creatures (others)
  A spectral weapon (D:5)
1 creature vanquished.

Grand Total: 109 creatures vanquished

Notes
Turn   | Place    | Note
--------------------------------------------------------------
     0 | D:1      | Magnus, the Deep Elf Skald, began the quest for the Orb.
     0 | D:1      | Reached XP level 1. HP: 12/12 MP: 5/5
   305 | D:1      | Reached XP level 2. HP: 12/16 MP: 0/8
  1019 | D:1      | Reached skill level 5 in Charms
  1033 | D:1      | Found a deep blue altar of Sif Muna.
  1040 | D:1      | Became a worshipper of Sif Muna the Loreminder
  1166 | D:1      | Reached XP level 3. HP: 18/21 MP: 10/10
  1429 | D:1      | Gained mutation: Your spells are a little easier to cast, but a little less powerful. [potion of mutation]
  1429 | D:1      | Gained mutation: Your natural rate of healing is unusually fast. [potion of mutation]
  1429 | D:1      | Lost mutation: Your spells are a little easier to cast, but a little less powerful. [potion of mutation]
  1451 | D:2      | Learned a level 3 spell: Spectral Weapon
  1537 | D:2      | Found a glowing silver altar of Zin.
  1550 | D:2      | Found a deep blue altar of Sif Muna.
  1550 | D:2      | Found a radiant altar of Vehumet.
  1554 | D:2      | Found an iron altar of Okawaru.
  1554 | D:2      | Found a snail-covered altar of Cheibriados.
  1556 | D:2      | Found a bloodstained altar of Trog.
  1556 | D:2      | Found a sparkling altar of Nemelex Xobeh.
  1556 | D:2      | Found a stormy altar of Qazlal.
  1822 | D:2      | Noticed Jessica
  1833 | D:2      | Killed Jessica
  1980 | D:2      | Reached XP level 4. HP: 23/26 MP: 13/13
  1993 | D:2      | Learned a level 3 spell: Regeneration
  2719 | D:3      | Noticed Crazy Yiuf
  2729 | D:3      | Killed Crazy Yiuf
  2729 | D:3      | Reached skill level 6 in Charms
  2729 | D:3      | Reached XP level 5. HP: 30/30 MP: 12/16
  2772 | D:3      | Noticed a sky beast
  2810 | D:3      | HP: 1/30 [something (5)]
  3407 | D:3      | Learned a level 2 spell: Song of Slaying
  3778 | D:4      | Reached XP level 6. HP: 26/36 MP: 14/20
  3838 | D:4      | Found a burning altar of Makhleb.
  3839 | D:4      | Found a shimmering altar of Xom.
  4029 | D:4      | Reached skill level 7 in Charms
  4246 | D:4      | Noticed an ogre
  4256 | D:4      | Killed an ogre
  4256 | D:4      | Acquired Sif Muna's first power
  4256 | D:4      | Reached XP level 7. HP: 39/41 MP: 15/22
  4421 | D:4      | Reached skill level 5 in Spellcasting
  4577 | D:5      | Entered Level 5 of the Dungeon
  5133 | D:5      | HP: 1/41 [centaur/shortbow (4)]
  5135 | D:5      | Shot with an arrow by a centaur

Action                   |  1- 3 |  4- 6 |  7- 9 || total
-------------------------+-------+-------+-------++-------
Melee: Short sword       |   141 |   211 |    82 ||   434
 Cast: Infusion          |     4 |    17 |     9 ||    30
       Spectral Weapon   |     1 |     5 |     4 ||    10
       Regeneration      |       |       |     1 ||     1
  Use: Scroll            |     4 |     4 |     1 ||     9
       Potion            |     4 |     2 |       ||     6
 Stab: Distracted        |       |     1 |       ||     1
  Eat: Chunk             |     4 |     7 |     3 ||    14
